 Dungeon Crawl Stone Soup version 0.28-a0-1117-g0bdd5ba030 (webtiles) character file.

Game seed: 9762490298619840706

76141 porpoise the Thaumaturge (level 15, -2/86 HPs)
             Began as a Deep Elf Conjurer on Dec 11, 2021.
             Was an Elder of Vehumet.
             Succumbed to barbed spike wounds
             ... on level 14 of the Dungeon on Dec 12, 2021.
             The game lasted 02:14:01 (33371 turns).

porpoise the Thaumaturge (Deep Elf Conjurer)       Turns: 33371, Time: 02:14:02

Health: -2/86      AC: 12    Str: 18    XL:     15   Next: 11%
Magic:  23/44      EV: 23    Int: 27    God:    Vehumet [****..]
Gold:   1872       SH:  9    Dex: 26    Spells: 11/42 levels left

rFire   . . .      SeeInvis +   b - +1 hunting sling "Ogrebane" {freeze, Dex+8}
rCold   + . .      Faith    .   D - +2 buckler "Ecyt" {Str+4 Dex+5 Slay-5 SInv}
rNeg    . . .      Spirit   .   x - +2 robe {rC+}
rPois   .          Reflect  .   B - +1 helmet
rElec   .          Harm     .   A - +2 cloak
rCorr   .          Rampage  .   (no gloves)
Will    +....                   k - +2 pair of boots
Stlth   +++++.....              (no amulet)
HPRegen 0.24/turn               m - +6 ring of strength
MPRegen 0.29/turn               o - ring of magical power

@: about to teleport, spiked
A: no striking features
a: Renounce Religion


You were on level 14 of the Dungeon.
You worshipped Vehumet.
Vehumet was greatly pleased with you.
You visited 3 branches of the dungeon, and saw 20 of its levels.
You also visited: Ice Cave.

You collected 2391 gold pieces.
You spent 519 gold pieces at shops.

Inventory:

Hand Weapons
 b - the +1 hunting sling "Ogrebane" (weapon) {freeze, Dex+8}
   (You took it off an orc priest on level 11 of the Dungeon)

   Any ammunition fired from it freezes those it strikes, dealing additional
   cold damage.
   It can also slow down cold-blooded creatures.
   Dex:       It affects your dexterity (+8).
Missiles
 c - 60 sling bullets (quivered ammo)
 n - a curare-tipped dart (quivered)
 p - 2 poisoned darts
Armour
 k - a +2 pair of boots (worn)
 x - a +2 robe of cold resistance (worn)
 A - a +2 cloak (worn)
 B - a +1 helmet (worn)
 D - the +2 buckler "Ecyt" (worn) {Str+4 Dex+5 Slay-5 SInv}
   (You bought it in a shop on level 8 of the Dungeon)

   Str:       It affects your strength (+4).
   Dex:       It affects your dexterity (+5).
   Slay:      It affects your accuracy & damage with ranged weapons and melee
   (-5).
   SInv:      It lets you see invisible.
Magical Staves
 a - a staff of conjuration
Jewellery
 e - a ring of fire
 m - a +6 ring of strength (left hand)
 o - a ring of magical power (right hand)
Wands
 u - a wand of iceblast (23)
 y - a wand of polymorph (19)
 I - a wand of flame (32)
 O - a wand of paralysis (11)
 Q - a wand of mindburst (5)
Scrolls
 j - 2 scrolls of teleportation
 q - a scroll of vulnerability
 s - a scroll of fear
 z - 2 scrolls of silence
 G - 2 scrolls of fog
 N - a scroll of summoning
 S - 9 scrolls of identify
Potions
 d - a potion of might
 f - a potion of magic
 h - 2 potions of mutation
 i - 8 potions of lignification
 r - 2 potions of attraction
 t - a potion of heal wounds
 C - 6 potions of curing
 F - 2 potions of ambrosia
 R - a potion of resistance
Miscellaneous
 g - a tin of tremorstones (2/2)
 H - a lightning rod (inert)
 K - a condenser vane (inert)
 L - a phantom mirror


   Skills:
 - Level 7.0 Fighting
 - Level 12.0 Dodging
 - Level 9.0 Stealth
 - Level 5.3 Shields
 - Level 14.0 Spellcasting
 - Level 9.0 Conjurations
 + Level 10.3 Hexes
 - Level 7.0 Translocations
 - Level 5.0 Transmutations
 - Level 9.0 Fire Magic
 + Level 7.9 Earth Magic
 - Level 5.0 Poison Magic
 - Level 7.0 Evocations


You had 11 spell levels left.
You knew the following spells:

 Your Spells              Type           Power      Damage    Failure   Level
a - Magic Dart            Conj           100%       1d8       1%          1
b - Searing Ray           Conj           100%       2d8       1%          2
c - Fulminant Prism       Conj/Hex       31%        3d16      1%          4
d - Iskenderun's Mystic   Conj/Tloc      58%        2d12      1%          4
e - Iron Shot             Conj/Erth      29%        9d6       4%          6
i - Ignite Poison         Fire/Tmut/Pois 52%        N/A       1%          3
l - Lee's Rapid Deconstr  Erth           29%        3d16*     1%          5
r - Starburst             Conj/Fire      30%        6d9       3%          6

Your spell library contained the following spells:

 Spells                   Type           Power      Damage    Failure   Level
 Foxfire                  Conj/Fire      100%       2x1d9     1%          1
 Poisonous Vapours        Pois/Air       64%        N/A       1%          2
 Static Discharge         Conj/Air       43%        N/A       1%          2
 Conjure Flame            Conj/Fire      61%        6-21      1%          3
 Dazzling Flash           Conj/Hex       100%       N/A       1%          3
 Inner Flame              Hex/Fire       63%        N/A       1%          3
 Mephitic Cloud           Conj/Pois/Air  44%        N/A       1%          3
 Flame Wave               Conj/Fire      61%        2d10      1%          4
 Leda's Liquefaction      Hex/Erth       31%        N/A       1%          4
 Sticky Flame             Conj/Fire      61%        2d8       1%          4
 Yara's Violent Unravell  Hex/Tmut       28%        3d12      1%          5
 Corpse Rot               Necr/Air       36%        N/A       4%          2
 Freezing Cloud           Conj/Ice/Air   17%        6-21      6%          5
 Alistair's Intoxication  Tmut/Pois      30%        N/A       10%         5
 Summon Mana Viper        Hex/Summ       46%        N/A       10%         5
 Orb of Destruction       Conj           30%        9d12      16%         7
 Dispersal                Tloc           27%        N/A       24%         6
 Dispel Undead            Necr           18%        3d11      28%         4
 Summon Ice Beast         Ice/Summ       18%        N/A       28%         4
 Statue Form              Tmut/Erth      34%        N/A       30%         6
 Monstrous Menagerie      Summ           9%         N/A       100%        7
 Disjunction              Tloc           27%        N/A       100%        8


Dungeon Overview and Level Annotations

Branches:
Dungeon (14/15)            Temple (1/1) D:4            Lair (5/6) D:9
 Shoals (0/4) Lair:3        Snake (0/4) Lair:4          Orc (0/2) D:10
 Vaults (0/5) D:13          IceCv (visited)
  Slime: Lair:5-6

Altars:
Ashenzari
Cheibriados
Dithmenos
Elyvilon
Fedhas
Gozag
Hepliaklqana
Kikubaaqudgha
Makhleb
Nemelex Xobeh
Okawaru
Qazlal
Ru
Sif Muna
Trog
Uskayaw
Vehumet
Xom
Yredelemnul
Zin
The Shining One

Shops:
D:8 [   D:10 ?

Annotations:
D:11 3 runed translucent doors, Ceseyfed's ghost, journeyman VSBe
D:12 1 runed translucent door, FludoriRambler's ghost, journeyman MiFi


Message History

You don't know that spell.
The centaur warrior wields a +0 longbow.
The centaur warrior shoots an arrow.
The arrow hits you!
Casting: Iron Shot (dangerous; 4% risk of failure)
Confirm with . or Enter, or press ? or * to list all spells.
You can't see any susceptible monsters within range! (Use Z to cast anyway.)
You open the door.
A manticore comes into view.
The centaur warrior shoots an arrow.
You block the arrow.
The manticore flicks its tail.
The volley of spikes hits you.
The barbed spikes become lodged in your body.
The barbs in your skin will harm you if you move.
Continue?
Okay, then.
The barbs in your skin will harm you if you move.
Continue?
Okay, then.
Casting: Iron Shot (dangerous; 4% risk of failure)
Confirm with . or Enter, or press ? or * to list all spells.
Aiming: Iron Shot (dangerous; 4% risk of failure)
Press: ? - help, Shift-Dir - straight line You can't see that place. [the floor.]
Okay, then.
The barbs in your skin will harm you if you move.
Continue? [Y]es or [N]o only, please.
The barbs in your skin will harm you if you move.
Continue?
The barbed spikes dig painfully into your body as you move.
The centaur warrior shoots an arrow.
The arrow hits you!!
* * * LOW HITPOINT WARNING * * *
The manticore flicks its tail.
The volley of spikes hits you!
The barbed spikes become lodged in your body.
* * * LOW HITPOINT WARNING * * *
Blink to where?
Press: ? - help, Dir - move target
As you read the scroll of blinking, it crumbles to dust.
As you read the scroll of teleportation, it crumbles to dust.
You feel strangely unstable.
The barbed spikes dig painfully into your body as you move.
You die...

♣♣≈≈♣ ..# P≈P♣ ..#
♣.P♣ ..#
♣♣♣♣♣≈≈♣♣♣♣♣..#
##♣♣≈♣P≈≈.♣P♣≈P###
#..≈≈≈≈≈≈..≈≈≈.>..
#.♣♣.♣♣...P.♣♣♣...
#.♣♣♣♣♣♣≈♣♣♣♣♣♣...
#@#.♣♣♣P≈♣♣.♣.....
#....♣♣♣.P♣.......
####...♣♣≈♣♣♣).....
#....##♣P.♣ #######
#....# ... +....#
... #....##########
#..####..........(
......'...........


There were no monsters in sight!

Vanquished Creatures
  An azure jelly (IceCv)
  2 quicksilver oozes (IceCv)
  Nessos (Lair:5)
  A fire dragon (D:11)
  Snorg (D:12)
  An ice dragon (D:13)
  5 hydras
  4 boulder beetles
  A catoblepas (D:11)
  A centaur warrior (D:14)
  10 two-headed ogres
  A death yak (Lair:2)
  A death drake (shapeshifter) (D:11)
  5 deep elf pyromancers
  2 ugly things
  4 cyclopes
  A manticore (shapeshifter) (D:13)
  4 manticores
  A salamander (shapeshifter) (D:13)
  6 elephants (Lair:3)
  2 ice statues (IceCv)
  A torpor snail (Lair:2)
  2 gargoyles
  Joseph (D:7)
  3 black mambas
  8 cane toads
  3 rime drakes (Lair:4)
  An unseen horror (D:12)
  A kobold demonologist (D:11)
  An entropy weaver simulacrum (IceCv)
  8 komodo dragons
  3 polar bears
  3 hornets
  4 trolls
  Prince Ribbit (D:7)
  9 slime creatures
  A shadow (D:12)
  3 wraiths
  A wyvern (D:7)
  38 yaks
  7 basilisks
  3 fire bats (Lair:4)
  Grum (D:11)
  A naga (Lair:4)
  5 vampire mosquitoes (D:12)
  2 demonic crawler simulacra (IceCv)
  11 water moccasins
  An ice beast (D:8)
  6 orc warriors
  A swamp drake (D:10)
  3 black bears
  A hornet zombie (D:9)
  2 ogres
  A sky beast (D:8)
  4 ugly thing simulacra (IceCv)
  12 centaurs
  10 wolves
  2 phantoms (D:6)
  3 kobold brigands
  A gnoll sergeant (D:12)
  2 scorpions (D:6)
  19 bullfrogs
  4 wyvern zombies
  2 glowing shapeshifter simulacra (IceCv)
  A water moccasin zombie (D:7)
  2 wyvern skeletons
  A water moccasin skeleton (D:4)
  3 killer bees (D:11)
  A jelly (D:6)
  10 wights
  2 electric eels (Lair:4)
  5 howler monkeys
  5 centaur zombies
  2 bullfrog zombies
  2 bullfrog skeletons
  4 hounds
  6 orc priests
  2 centaur skeletons
  6 iguanas
  20 orc wizards
  A killer bee zombie (D:8)
  A hound skeleton (D:5)
  3 howler monkey zombies
  3 gnolls
  8 adders
  A shadow imp (D:6)
  A white imp (D:7)
  3 ufetubi
  3 dart slugs
  2 worms (D:2)
  40 orcs
  3 ball pythons (D:1)
  8 bats
  10 endoplasms
  4 giant cockroaches
  8 goblins
  5 hobgoblins
  2 jackals (D:4)
  8 kobolds
  2 quokkas (D:2)
  2 frilled lizards (D:1)
  6 rats
  3 fulminant prisms (D:11)
450 creatures vanquished.

Vanquished Creatures (others)
  250 fulminant prisms
  44 fungi
  101 plants
395 creatures vanquished.

Grand Total: 845 creatures vanquished

Notes
Turn   | Place    | Note
-------+----------+-------------------------------------------
     0 | D:1      | porpoise the Deep Elf Conjurer began the quest for the Orb.
     0 | D:1      | Reached XP level 1. HP: 10/10 MP: 6/6
   260 | D:1      | Found a faded altar of an unknown god.
   280 | D:1      | Reached skill level 5 in Conjurations
   280 | D:1      | Reached XP level 2. HP: 15/15 MP: 0/8
   355 | D:1      | Learned a level 2 spell: Searing Ray
   686 | D:1      | Reached XP level 3. HP: 19/19 MP: 1/10
  2092 | D:2      | Reached skill level 4 in Spellcasting
  2312 | D:2      | Reached XP level 4. HP: 24/24 MP: 9/12
  2804 | D:2      | Learned a level 4 spell: Fulminant Prism
  2809 | D:2      | Learned a level 4 spell: Iskenderun's Mystic Blast
  2991 | D:2      | Upgraded the game from 0.28-a0-1087-gf3fc490d9d to
                  | 0.28-a0-1117-g0bdd5ba030
  3124 | D:3      | Reached skill level 5 in Spellcasting
  3124 | D:3      | Reached skill level 1 in Hexes
  3124 | D:3      | Reached XP level 5. HP: 13/28 MP: 7/14
  4595 | D:4      | Reached XP level 6. HP: 27/32 MP: 7/16
  4694 | D:4      | Found a staircase to the Ecumenical Temple.
  4700 | Temple   | Entered the Ecumenical Temple
  4802 | Temple   | Became a worshipper of Vehumet
  5373 | D:4      | Reached skill level 6 in Spellcasting
  5555 | D:4      | Found an opulent altar of Gozag.
  5690 | D:5      | Entered Level 5 of the Dungeon
  5690 | D:5      | Noticed a yak
  5690 | D:5      | Noticed a yak
  5690 | D:5      | Noticed a yak
  5690 | D:5      | Noticed a yak
  5690 | D:5      | Noticed a yak
  6604 | D:6      | Reached XP level 7. HP: 36/36 MP: 10/19
  6621 | D:6      | Reached skill level 5 in Stealth
  6621 | D:6      | Reached skill level 7 in Spellcasting
  6621 | D:6      | Reached skill level 5 in Hexes
  7011 | D:5      | Reached skill level 1 in Translocations
  7166 | D:5      | Killed a yak
  7167 | D:5      | Reached XP level 8. HP: 41/41 MP: 8/20
  8158 | D:6      | Reached * piety under Vehumet
  8158 | D:6      | Offered knowledge of Freeze by Vehumet.
  8493 | D:6      | Reached skill level 5 in Translocations
  9197 | D:6      | Reached XP level 9. HP: 36/45 MP: 15/22
  9376 | D:6      | Reached skill level 8 in Spellcasting
  9436 | D:6      | Found a shadowy altar of Dithmenos.
  9444 | D:6      | Found a snail-covered altar of Cheibriados.
 10448 | D:6      | Reached skill level 9 in Spellcasting
 10452 | D:6      | Reached skill level 1 in Fighting
 10836 | D:7      | Reached skill level 10 in Spellcasting
 11116 | D:7      | Noticed Joseph
 11188 | D:7      | Killed Joseph
 11341 | D:7      | Noticed Prince Ribbit
 11346 | D:7      | Killed Prince Ribbit
 11346 | D:7      | Offered knowledge of Foxfire by Vehumet.
 11347 | D:7      | Reached XP level 10. HP: 56/56 MP: 20/26
 11428 | D:7      | Reached skill level 11 in Spellcasting
 11683 | D:7      | Reached ** piety under Vehumet
 11887 | D:7      | Identified a scroll of acquirement
 11936 | D:8      | Acquired 970 gold pieces
 11942 | D:8      | Found a sparkling altar of Nemelex Xobeh.
 12538 | D:8      | Found Mus Tir's Antique Armour Boutique.
 12546 | D:8      | Bought an embroidered robe for 88 gold pieces
 12546 | D:8      | Bought a crude buckler for 228 gold pieces
 12546 | D:8      | Identified the +2 buckler "Ecyt" {Str+4 Dex+5 Slay-5 SInv}
                  | (You bought it in a shop on level 8 of the Dungeon)
 13005 | D:8      | Found a glowing golden altar of the Shining One.
 13128 | D:9      | Found a stormy altar of Qazlal.
 13196 | D:9      | Offered knowledge of Conjure Flame by Vehumet.
 13197 | D:9      | Reached skill level 5 in Fighting
 13197 | D:9      | Reached skill level 1 in Shields
 13199 | D:9      | Reached skill level 12 in Spellcasting
 13560 | D:9      | Reached *** piety under Vehumet
 13689 | D:9      | Found a broken altar of Ashenzari.
 14007 | D:9      | Found a staircase to the Lair.
 14575 | D:10     | Entered Level 10 of the Dungeon
 14582 | D:10     | Noticed a two-headed ogre
 14591 | D:10     | Killed a two-headed ogre
 14780 | D:10     | Identified the +3 scale mail of Intuition {rF+ Str+4}
 14947 | D:10     | Reached XP level 11. HP: 61/63 MP: 17/29
 14999 | D:10     | Noticed a two-headed ogre
 15010 | D:10     | Killed a two-headed ogre
 15166 | D:10     | Offered knowledge of Ignite Poison by Vehumet.
 15192 | D:10     | Learned a level 3 spell: Ignite Poison
 15489 | D:10     | Found a staircase to the Orcish Mines.
 15571 | D:10     | Found Unodwemu's Magic Scroll Shoppe.
 15574 | D:10     | Noticed a two-headed ogre
 15581 | D:10     | Killed a two-headed ogre
 15730 | D:10     | Bought a scroll of identify for 28 gold pieces
 15730 | D:10     | Bought a scroll of blinking for 105 gold pieces
 15730 | D:10     | Bought a scroll of teleportation for 42 gold pieces
 15730 | D:10     | Bought a scroll of fog for 28 gold pieces
 15879 | D:10     | Reached skill level 5 in Dodging
 16497 | D:10     | Found a shimmering altar of Xom.
 16739 | D:11     | Noticed a boulder beetle
 16806 | Lair:1   | Entered Level 1 of the Lair of Beasts
 16895 | Lair:1   | Reached skill level 1 in Poison Magic
 18204 | Lair:2   | Reached **** piety under Vehumet
 18216 | Lair:2   | Reached skill level 1 in Evocations
 18229 | Lair:2   | Noticed a six-headed hydra
 18232 | Lair:2   | Noticed a four-headed hydra
 18238 | Lair:2   | Killed a four-headed hydra
 18243 | Lair:1   | Killed a six-headed hydra
 18782 | Lair:2   | Reached skill level 5 in Poison Magic
 18944 | Lair:2   | Noticed a five-headed hydra
 18949 | Lair:2   | Killed a five-headed hydra
 18950 | Lair:2   | Reached skill level 1 in Transmutations
 18950 | Lair:2   | Reached skill level 1 in Fire Magic
 18950 | Lair:2   | Reached XP level 12. HP: 68/68 MP: 20/30
 18977 | Lair:2   | Noticed a death yak
 18987 | Lair:2   | Killed a death yak
 19064 | Lair:2   | Offered knowledge of Flame Wave by Vehumet.
 19205 | Lair:2   | Learned a level 4 spell: Flame Wave
 20014 | Lair:3   | Reached skill level 5 in Evocations
 20189 | Lair:3   | Found a staircase to the Shoals.
 20362 | Lair:3   | Noticed a seven-headed hydra
 20371 | Lair:3   | Killed a seven-headed hydra
 20502 | Lair:3   | Reached skill level 5 in Transmutations
 20502 | Lair:3   | Reached skill level 5 in Fire Magic
 21485 | Lair:4   | Reached skill level 5 in Shields
 21485 | Lair:4   | Reached XP level 13. HP: 76/76 MP: 31/31
 21522 | Lair:4   | Found a frozen archway.
 21547 | IceCv    | Entered an ice cave
 22654 | IceCv    | Noticed a quicksilver ooze
 22661 | IceCv    | Killed a quicksilver ooze
 22727 | IceCv    | Noticed an azure jelly
 22747 | IceCv    | Killed an azure jelly
 22748 | IceCv    | Reached XP level 14. HP: 45/82 MP: 15/32
 22939 | IceCv    | Noticed a quicksilver ooze
 22947 | IceCv    | Killed a quicksilver ooze
 23295 | IceCv    | Found a viscous altar of Jiyva.
 23315 | IceCv    | Got the ring "Koekhefo" {Ice Drain rElec MP+9 Int-4}
 23316 | IceCv    | Identified the +6 ice dragon scales "Kuselaxe" {Harm
                  | Rampage rF- rC++ Str+5 Dex+4}
 23321 | IceCv    | Identified the +3 leather armour "Kecvemp" {*Slow +Blink
                  | rN+++ Int-5}
 23754 | Lair:4   | Found a staircase to the Snake Pit.
 23757 | Lair:4   | Reached ***** piety under Vehumet
 24628 | Lair:5   | Offered knowledge of Iron Shot by Vehumet.
 24636 | Lair:5   | Learned a level 6 spell: Iron Shot
 24817 | Lair:5   | Reached skill level 1 in Earth Magic
 25329 | Lair:5   | Noticed Nessos
 25397 | Lair:5   | Killed Nessos
 25502 | Lair:5   | Acquired the Disquisition on Transmutation and Conjuration
 25702 | Lair:5   | Identified the +0 leather armour "Malockoxt" {rElec rF+
                  | Str+3}
 26337 | D:11     | Reached skill level 13 in Spellcasting
 26498 | D:11     | Found a bloodstained altar of Trog.
 26499 | D:11     | Found a blossoming altar of Fedhas.
 26500 | D:11     | Identified the +1 hunting sling "Ogrebane" {freeze, Dex+8}
 26744 | D:11     | Found an opulent altar of Gozag.
 26744 | D:11     | Found a hazy altar of Hepliaklqana.
 27389 | D:11     | Found a runed translucent gate.
 27390 | D:11     | Found a runed translucent gate.
 27393 | D:11     | Found a runed translucent gate.
 27554 | D:11     | Noticed Ceseyfed's ghost (journeyman VSBe)
 27602 | D:11     | Noticed Grum
 27857 | D:11     | Killed Grum
 28060 | D:11     | Reached skill level 10 in Dodging
 28590 | D:12     | Noticed Snorg
 28728 | D:11     | Reached skill level 5 in Earth Magic
 28867 | D:12     | Killed Snorg
 29843 | D:12     | Reached skill level 14 in Spellcasting
 30530 | D:12     | Found a runed translucent door.
 30531 | D:12     | Noticed FludoriRambler's ghost (journeyman MiFi)
 31879 | D:13     | Reached XP level 15. HP: 86/86 MP: 33/35
 32231 | D:13     | Learned a level 5 spell: Lee's Rapid Deconstruction
 32662 | D:13     | Found a gate to the Vaults.
 32863 | D:13     | Learned a level 6 spell: Starburst
 32899 | D:14     | Reached skill level 10 in Hexes
 33368 | D:14     | HP: 3/86 [manticore/volley of spikes (10)]
 33371 | D:14     | Succumbed to barbed spike wounds

Illustrated notes

Levels and vault maps discovered:
D:1:      scummos_arrival_hexagon, layout_loops_ring,
          nicolae_ecumenical_snake_handling, kennysheep_flooded_box,
          nicolae_grassy_gnolls
D:2:      layout_basic
D:3:      layout_basic, grunt_ministairs_9, dk_vineyard_3, grunt_decor_junction
D:4:      layout_basic, kennysheep_mini, minmay_temple_entry_fiery,
          cheibrodos_gnoll_hut
D:5:      layout_basic, chequers_serial_rivers_marsh, minmay_misc_feat_alley,
          eino_small_chamber_without_monster, grunt_ministairs_2
D:6:      minmay_thinvault, layout_loops_corners,
          mainiacjoe_overflow_large_starburst
D:7:      layout_basic, serial_bayou_pond_d, uniq_prince_ribbit1, uniq_joseph
D:8:      layout_loops_ring, general_overflow_altar,
          nicolae_overflow_hidden_temple, serial_shops, nicolae_shop_crystal
D:9:      layout_grid_maze, cheibrodos_ashenzari_chains, lemuel_crystal_altar,
          lair_entry_dummy, minmay_misc_feat_square
D:10:     layout_stronghold, mainiacjoe_overflow_six_doors_small, erik_orc_1,
          serial_shops, nicolae_shop_trees, kennysheep_windowed_goal
D:11:     minmay_the_grid_octo_triangle [minmay_the_grid_octo_shrine,
          minmay_the_grid_octo_prize_big_c, minmay_the_grid_octo_toaster],
          layout_basic, gammafunk_ghost_hydra_chop, kennysheep_donut, uniq_grum
D:12:     layout_loops_ring, ebering_ghost_reflecting_pool,
          minmay_joined_circles, uniq_snorg
D:13:     layout_basic, david_vaults_4
D:14:     minmay_outward_triangles, layout_gridville, grunt_decor_mini_mirrors,
          serial_bayou_crossing
Temple:   eino_narrow_crystal_temple
Lair:1:   layout_long_grid, beast_lair_carwin_4, grunt_megastairs_5,
          infiniplex_staircase_pool_2
Lair:2:   layout_roguey, grunt_megastairs_4
Lair:3:   layout_hall_layers, minmay_shoals_entry_centaurs
Lair:4:   layout_loops_ring, guppyfry_snake_entry_island,
          nicolae_volcano_entry_batcave, portal_ice_cave_rime,
          minmay_hedge_maze, infiniplex_staircase_pool
Lair:5:   layout_roguey, nzn_sisyphean_effort, uniq_nessos

Skill      XL: |  1  2  3  4  5  6  7  8  9 10 11 12 13 14 15 |
---------------+----------------------------------------------+-----
Conjurations   | 5 7 9 |  9.0
Spellcasting   | 4 5 6 7 10 12 14 | 14.0
Stealth        | 3 4 5 7 9 |  9.0
Hexes          | 1 3 4 6 7 9 10 | 10.3
Translocations | 2 5 7 |  7.0
Fighting       | 3 5 7 |  7.0
Shields        | 4 5 |  5.3
Dodging        | 7 11 12 | 12.0
Poison Magic   | 5 |  5.0
Evocations     | 3 6 7 |  7.0
Transmutations | 1 5 |  5.0
Fire Magic     | 1 7 8 9 |  9.0
Earth Magic    | 7 |  7.9

Action                   |  1- 3 |  4- 6 |  7- 9 | 10-12 | 13-15 || total
-------------------------+-------+-------+-------+-------+-------++-------
 Fire: Hunting sling     |       |       |       |   107 |    64 ||   171
Throw: Dart              |       |       |       |     1 |     7 ||     8
 Cast: Magic Dart        |    64 |    16 |       |       |     2 ||    82
       Searing Ray       |     6 |    35 |    54 |   102 |    81 ||   278
       Fulminant Prism   |       |       |    25 |    95 |   133 ||   253
       Iskenderun's Myst |       |       |     5 |    43 |    83 ||   131
       Iron Shot         |       |       |       |       |    25 ||    25
Evoke: Wand              |       |       |       |     5 |    13 ||    18
       Lightning rod     |       |       |       |       |     6 ||     6
       Tin of tremorston |       |       |       |       |     1 ||     1
       Condenser vane    |       |       |       |       |     1 ||     1
  Use: Scroll            |       |    10 |     1 |    14 |    14 ||    39
       Potion            |       |       |       |     1 |     3 ||     4
Armor: Robe              |     1 |     4 |     9 |    43 |    27 ||    84
Dodge: Dodged            |     5 |    21 |    36 |    65 |    95 ||   222
Block: Buckler           |       |       |       |    24 |    54 ||    78

Table legend: (Time is in decaauts)
 A = Elapsed time spent in this place.
 B = Non-inter-level travel time spent in this place.
 C = Inter-level travel time spent in this place.
 D = Time resting spent in this place.
 E = Time spent auto-exploring this place.
 F = Levels seen in this place.
 G = Mean time per level.
                   A        B        C        D        E       F      G
               +--------+--------+--------+--------+--------+-----+--------+
         Total |  33467 |  32302 |   1165 |  17063 |  10683 |  21 | 1593.7 |
       Dungeon |  23967 |  23098 |    869 |  12700 |   7537 |  14 | 1711.9 |
        Temple |    117 |    102 |     15 |      0 |     91 |   1 |  117.0 |
          Lair |   7523 |   7243 |    280 |   3098 |   3003 |   5 | 1504.6 |
      Ice Cave |   1859 |   1859 |      0 |   1265 |     51 |   1 | 1859.0 |
               +--------+--------+--------+--------+--------+-----+--------+

Top non-repeatable levels by time:
    D:11: 3147 daAuts
     D:6: 2805 daAuts
     D:5: 2096 daAuts
    D:10: 2001 daAuts
    D:13: 1993 daAuts
   IceCv: 1859 daAuts
  Lair:3: 1824 daAuts
     D:9: 1727 daAuts
  Lair:1: 1689 daAuts
     D:4: 1641 daAuts
    D:12: 1606 daAuts
     D:1: 1547 daAuts
  Lair:5: 1525 daAuts
     D:2: 1516 daAuts
  Lair:2: 1384 daAuts
